 Dungeon Crawl Stone Soup version 0.24.0-123-gd5b16e6ec5 (webtiles) character file.

Game seed: 2465074384017705347, levelgen mode: deterministic

202 Krapule the Charmwright (level 5, -10/32 HPs)
             Began as a Gargoyle Skald on Jan 1, 2020.
             Mangled by Prince Ribbit (13 damage)
             ... on level 5 of the Dungeon.
             The game lasted 00:13:37 (3456 turns).

Krapule the Charmwright (Gargoyle Skald)            Turns: 3456, Time: 00:13:38

Health: -10/32     AC: 12    Str: 14    XL:     5   Next: 80%
Magic:  7/9        EV: 12    Int: 15    God:
Gold:   175        SH:  0    Dex:  9    Spells: 9/10 levels left

rFire    . . .     SeeInvis .   a - +0 mace
rCold    . . .     Gourm    .   (no shield)
rNeg     + . .     Faith    .   n - +0 scale mail
rPois    ∞         Spirit   .   (no helmet)
rElec    +         Reflect  .   (no cloak)
rCorr    .         Harm     .   i - +1 pair of gloves
MR       .....                  (no boots)
Stlth    ..........             (no amulet)
HPRegen  0.10/turn              e - +3 ring of evasion
MPRegen  0.11/turn              (no ring)

@: infused
A: negative energy resistance 1, electricity resistance, unbreathing,
petrification resistance, rot immunity, AC +4
a: no special abilities


You were on level 5 of the Dungeon.
You were near starving.

You visited 1 branch of the dungeon, and saw 5 of its levels.

You collected 175 gold pieces.

Inventory:

Hand Weapons
 a - a +0 mace (weapon)
 p - a +0 whip
Missiles
 h - 2 throwing nets (quivered)
Armour
 b - a +0 leather armour
 i - a +1 pair of gloves (worn)
 n - a +0 scale mail (worn)
Jewellery
 c - an uncursed ring of protection from fire {unknown}
 e - a +3 ring of evasion (left hand)
Scrolls
 m - 2 scrolls of remove curse
 s - a scroll of enchant armour {unknown}
Potions
 f - 4 potions of curing
 k - a potion of brilliance {unknown}
 l - a potion of might {unknown}
 o - 2 potions of heal wounds {unknown}
 q - a potion of magic {unknown}
 r - a potion of degeneration {unknown}
 t - a potion of flight {unknown}
Comestibles
 d - 8 rations


   Skills:
 + Level 3.2 Fighting
 + Level 3.0 Maces & Flails
 + Level 2.5 Armour
 - Level 2.0 Dodging
 + Level 3.0 Spellcasting
 + Level 3.4 Charms


You had 9 spell levels left.
You knew the following spells:

 Your Spells              Type           Power        Failure   Level  Hunger
a - Infusion              Chrm           ##..         21%         1    #......

Your spell library contained the following spells:

 Spells                   Type           Power        Failure   Level  Hunger
 Song of Slaying          Chrm           ##......     30%         2    ##.....
 Shroud of Golubria       Chrm/Tloc      #.....       54%         2    ##.....
 Regeneration             Chrm/Necr      #.........   77%         3    ###....
 Spectral Weapon          Hex/Chrm       #.......     77%         3    ###....


Dungeon Overview and Level Annotations

Branches:
Dungeon (5/15)
 Temple: D:4-7

Altars:
Dithmenos

Annotations:
D:4 Eustachio
D:5 Prince Ribbit


Innate Abilities, Weirdness & Mutations

You are resistant to torment.
Your stone body is resilient. (AC +4)
You are immune to poison.
You resist negative energy. (rN+)
You are resistant to electric shocks. (rElec)
You can survive without breathing.
You are immune to petrification.
You are immune to rotting.


Message History

You climb downwards.
You hear the sound of rushing water.
There is an entrance to a sewer on this level.
Hurry and find it before the portal rusts away!
Prince Ribbit comes into view.
Prince Ribbit croaks.
Found a stone staircase leading up.
There is a stone staircase leading up here.
Casting: Infusion (safe; 21% risk of failure)
Confirm with . or Enter, or press ? or * to list all spells.
You begin infusing your attacks with magical energy.
Prince Ribbit hits you.
You miss Prince Ribbit. Prince Ribbit hits you!
Prince Ribbit blinks!
You hit Prince Ribbit!
Prince Ribbit is lightly wounded.
Prince Ribbit hits you!
* * * LOW HITPOINT WARNING * * *
You closely miss Prince Ribbit.
Prince Ribbit is lightly wounded.
Prince Ribbit hits you!
You die...

#########
#######........
...<...........
#<# #F# #@# #.#
#.# #.# ... #.#
#.# #.#


You could see Prince Ribbit.

Vanquished Creatures
  Terence (D:3)
  A worker ant (D:4)
  9 adders
  A worm (D:3)
  A dart slug (D:1)
  4 giant cockroaches
  10 hobgoblins
  7 jackals
  A quokka (D:2)
  A ball python (D:3)
  7 bats
  4 frilled lizards
  5 goblins
  12 kobolds
  7 rats
71 creatures vanquished.

Notes
Turn   | Place    | Note
-------+----------+-------------------------------------------
     0 | D:1      | Krapule the Gargoyle Skald began the quest for the Orb.
     0 | D:1      | Reached XP level 1. HP: 12/12 MP: 3/3
   241 | D:1      | Reached XP level 2. HP: 16/18 MP: 5/5
   930 | D:2      | Reached XP level 3. HP: 15/22 MP: 6/6
  1588 | D:2      | Reached XP level 4. HP: 25/27 MP: 7/7
  2289 | D:3      | Reached XP level 5. HP: 30/32 MP: 7/9
  2428 | D:3      | Found a shadowy altar of Dithmenos.
  2763 | D:3      | Noticed Terence
  2772 | D:3      | Killed Terence
  3041 | D:4      | Noticed Eustachio
  3450 | D:5      | Entered Level 5 of the Dungeon
  3450 | D:5      | Noticed Prince Ribbit
  3456 | D:5      | Mangled by Prince Ribbit

Levels and vault maps discovered:
D:1:      dpeg_arrival_renting, layout_loops_corners
D:2:      layout_basic, first_ration, patterned_corridor
D:3:      layout_loops_ring, grunt_dithmenos_smoke, uniq_terence
D:4:      layout_loops_ring, serial_shops, shop, minmay_fire_ice_demons,
          uniq_edmund, uniq_eustachio
D:5:      layout_loops_ring, overflow_temple_1_default,
          minmay_temple_entry_waves, cheibrodos_sewer_entry_bend,
          uniq_prince_ribbit1

Skill      XL: |  1  2  3  4  5 |
---------------+----------------+-----
Charms         | 3 |  3.4
Dodging        | 2 |  2.0
Armour         | 2 |  2.5
Fighting       | 3 |  3.2
Maces & Flails | 3 |  3.0
Spellcasting   | 3 |  3.0

Action                   |  1- 3 |  4- 6 || total
-------------------------+-------+-------++-------
Melee: Mace              |   103 |     3 ||   106
       Whip              |    14 |   220 ||   234
 Cast: Infusion          |     1 |     5 ||     6
  Use: Scroll            |       |     6 ||     6
  Eat: Chunk             |     2 |     5 ||     7
Armor: Chain mail        |    26 |       ||    26
       Ring mail         |    38 |    10 ||    48
       Scale mail        |       |    78 ||    78
Dodge: Dodged            |    75 |   136 ||   211
